 Dungeon Crawl Stone Soup version 0.31.0-32-g396128a36d (webtiles) character file.

Game seed: 11145467176745959445

25701 MysteronAgent1981 the Apothecary (level 12, 0/97 HPs)
             Began as a Yellow Draconian Alchemist on Mar 12, 2024.
             Was a High Priest of the Shining One.
             Slain by a yak (13 damage)
             ... on level 1 of the Lair of Beasts on Mar 13, 2024.
             The game lasted 00:57:42 (11535 turns).

MysteronAgent1981 the Apothecary (DrAl)            Turns: 11535, Time: 00:57:42

Health: 0/97       AC: 13    Str: 24    XL:     12   Next: 91%
Magic:  0/21       EV: 14    Int: 12    God:    the Shining One [*****.]
Gold:   903        SH:  0    Dex: 14    Spells: 2/24 levels left

rFire   . . .        w - +10 spear of the Eleven Moons {speed, Str+2 Int-4 Dex+3}
rCold   . . .        (no shield)
rNeg    + + .        (body armour unavailable)
rPois   .            t - +2 hat of the Bear Spirit {Spirit, Bear, *Rage Will++}
rElec   .            e - +2 cloak
rCorr   +            (no gloves)
SInv    .            (no boots)
Will    ++...        H - amulet of regeneration
Stlth   ++           m - ring of wizardry
HPRegen 1.16/turn    J - +6 ring of strength
MPRegen 0.17/turn

%: random rage (20%), guardian spirit, wizardry (x1)
@: about to teleport, short of breath, on berserk cooldown, slowed, glowing,
very slow
A: spit acid, AC +8, unfitting armour, cold-blooded, acid resistance, stinger 1,
mutation resistance 1
a: Breathe Acid, Renounce Religion, Divine Shield, Cleansing Flame, Summon
Divine Warrior


You were on level 1 of the Lair of Beasts.
You worshipped the Shining One.
The Shining One was extremely pleased with you.
You visited 2 branches of the dungeon, and saw 12 of its levels.
You also visited: Bailey.

You collected 1123 gold pieces.
You spent 220 gold pieces at shops.

Inventory:

Hand Weapons
 b - a +3 heavy mace
 c - a +1 vampiric dagger
 w - the +10 spear of the Eleven Moons (weapon) {speed, Str+2 Int-4 Dex+3}
   (You bought it in a shop on level 7 of the Dungeon)

   Str+2:     It affects your strength (+2).
   Int-4:     It affects your intelligence (-4).
   Dex+3:     It affects your dexterity (+3).
Missiles
 a - 5 throwing nets
 i - 8 javelins (quivered)
 s - 2 darts of dispersal
 y - 3 silver javelins
Armour
 e - a +2 cloak (worn)
 t - the +2 hat of the Bear Spirit (worn) {Spirit, Bear, *Rage Will++}
   (You acquired it on level 7 of the Dungeon)

   Bear:      Going berserk makes the wearer exceptionally tough, and they are
   slowed for a shorter time afterward.
   Will++:    It greatly increases your willpower.
   *Rage:     It berserks you when you make melee attacks (+20% chance).
 B - a +0 cloak of poison resistance
Jewellery
 m - a ring of wizardry (left hand)
 o - a ring of wizardry
 A - a ring of flight
 H - an amulet of regeneration (around neck)
 J - a +6 ring of strength (right hand)
Talismans
 E - the serpent talisman of the Two of Pentacles {rF+ Dex+4}
   (You found it on level 7 of the Dungeon)

   [serpent talisman]

   Dex+4:     It affects your dexterity (+4).
   rF+:       It protects you from fire.
Wands
 g - a wand of iceblast (6)
 h - a wand of digging (1)
 k - a wand of polymorph (3)
 n - a wand of paralysis (16)
 q - a wand of flame (38)
 F - a wand of light (1)
Scrolls
 u - 3 scrolls of amnesia
 z - a scroll of enchant armour
 C - a scroll of poison
 I - a scroll of revelation {unknown}
 K - a scroll of fog
 M - a scroll of enchant weapon
Potions
 d - 2 potions of mutation
 f - 3 potions of curing
 j - a potion of might
 l - 3 potions of lignification
 p - 6 potions of enlightenment
 r - a potion of brilliance
 x - 2 potions of attraction
 D - 3 potions of haste {unknown}
 G - a potion of degeneration


   Skills:
 * Level 6.4 Fighting
 - Level 0.8 Short Blades
 * Level 6.4 Maces & Flails
 * Level 6.7 Polearms
 * Level 1.5 Throwing
 * Level 6.3 Dodging
 * Level 6.0 Stealth
 * Level 6.5 Spellcasting
 * Level 5.6 Conjurations
 * Level 3.7 Hexes
 * Level 2.5 Summonings
 * Level 2.6 Translocations
 * Level 4.2 Fire Magic
 * Level 5.4 Air Magic
 * Level 7.2 Alchemy
 * Level 5.8 Invocations
 * Level 5.2 Evocations
 * Level 3.4 Shapeshifting


You had 2 spell levels left.
You knew the following spells:

 Your Spells              Type           Power      Damage    Failure   Level
a - Sting                 Conj/Alch      76%        1d7       1%          1
b - Mercury Vapours       Alch/Air       38%        N/A       1%          2
c - Mephitic Cloud        Conj/Alch/Air  18%        N/A       1%          3
d - Olgreb's Toxic Radia  Alch           21%        N/A       3%          4
e - Inner Flame           Hex/Fire       13%        N/A       4%          3
f - Call Canine Familiar  Summ           10%        N/A       8%          3
g - Vhi's Electric Charg  Tloc/Air       26%        N/A       13%         4
h - Blink                 Tloc           20%        N/A       3%          2

Your spell library contained the following spells:

 Spells                   Type           Power      Damage    Failure   Level
 Magic Dart               Conj           68%        1d6       1%          1
 Summon Small Mammal      Summ           40%        N/A       2%          1
 Call Imp                 Summ           20%        N/A       3%          2
 Tukima's Dance           Hex            12%        N/A       4%          3
 Volatile Blastmotes      Fire/Tloc      24%        2d12      4%          3
 Fulminant Prism          Conj/Alch      9%         3d7       4%          4
 Sticky Flame             Fire/Alch      17%        2d5       6%          4
 Flame Wave               Conj/Fire      15%        2d7       9%          4
 Iskenderun's Mystic Bla  Conj/Tloc      13%        2d5       12%         4
 Summon Blazeheart Golem  Fire/Summ      12%        N/A       16%         4
 Arcjolt                  Conj/Air       8%         1d18      19%         5
 Yara's Violent Unravell  Hex/Alch       8%         3d5       21%         5
 Passage of Golubria      Tloc           10%        N/A       22%         4
 Plasma Beam              Fire/Air       7%         2x1d18    77%         6


Dungeon Overview and Level Annotations

Branches:
Dungeon (11/15)            Temple (0/1) D:4            Lair (1/5) D:11
    Orc (0/2) D:11         Bailey (visited)

Altars:
Cheibriados
Dithmenos
Gozag
Makhleb
Okawaru
Qazlal
Vehumet
Wu Jian
Xom
Yredelemnul
Zin
The Shining One

Shops:
D:3 !   D:7 (   D:11 [(

Portals:
Trove: D:11 (give horn of Geryon)

Annotations:
D:5 exclusion: statue


Innate Abilities, Weirdness & Mutations

You can spit globs of acid.
Your golden yellow scales are hard. (AC +8)
You cannot fit into any form of body armour.
You are cold-blooded and may be slowed by cold attacks.
You are resistant to acid. (rCorr)
Your tail ends in a venomous barb.
You are somewhat resistant to further mutation.


Message History

The yak is severely wounded.
The komodo dragon closely misses you. The yak closely misses you.
The yak gores you.
Unknown command.
Press: ? - help, Shift-Dir - straight line, f - yak
Aim: a yak (severely wounded, poisoned, haloed, 87% to hit)
You spit a glob of acid.
The glob of acid hits the yak!
The acid corrodes the yak!
The acid splashes onto the yak!
The yak is splashed with acid.
The acid corrodes the yak!
The acid splashes onto the yak!
The yak is splashed with acid.
The acid corrodes the yak!
The acid splashes onto the yak!
The yak is splashed with acid.
The acid splashes onto the yak!
The yak is splashed with acid.
The acid splashes onto the komodo dragon!
The komodo dragon is splashed with acid.
You kill the yak!
The komodo dragon bites you. The yak closely misses you.
The yak barely misses you. The komodo dragon bites you!!
* * * LOW HITPOINT WARNING * * *
The yak gores you but does no damage.
Unknown command.
You feel much better.
The yak looks more healthy. x2; The yak gores you!
* * * LOW HITPOINT WARNING * * *
The yak gores you but does no damage. x2; The komodo dragon barely misses you.
The yak barely misses you. The yak gores you!
* * * LOW HITPOINT WARNING * * *
The yak closely misses you. The yak barely misses you. The yak gores you!
* * * LOW HITPOINT WARNING * * *
Okay, then.
You feel better. The komodo dragon bites you.
* * * LOW HITPOINT WARNING * * *
The yak closely misses you. The yak barely misses you.
The yak closely misses you. The yak misses you.
The komodo dragon barely misses you. The yak misses you.
As you read the scroll of teleportation, it crumbles to dust.
You feel strangely unstable.
The yak looks more healthy. x2
The yak gores you but does no damage. The yak gores you.
* * * LOW HITPOINT WARNING * * *
The yak gores you but does no damage. The yak gores you!
You die...

......P........†..#
...............#..#
..........###.⌠.##..#
.........###...........
.........# #⌠.⌠......⌠..
........####............
...........##.⌠.....#.##
........†.YY##..##.....
..^......Y@l......
.........YYYY.....
..........Y#...#.#
........###......#
..>....(# ......#
........# .....##
......... .....#
......... ......#
......... .......


You could see a komodo dragon (very poisoned) and 8 yaks.

Vanquished Creatures
  Harold (D:11)
  A hydra (D:9)
  2 two-headed ogres
  The ghost of Fractals the Fighter, a novice KoBr of Dithmenos (D:9)
  Lodul (D:11)
  Nergalle (D:11)
  Pikel (D:8)
  An oklob plant (D:11)
  3 cyclopes
  Maurice (D:8)
  2 manticores
  16 centaur zombies (D:11)
  3 black mambas (Lair:1)
  2 gargoyles (D:11)
  Maggie (D:7)
  A komodo dragon (Lair:1)
  A hornet (D:4)
  2 meliai zombies (D:11)
  Sigmund (D:6)
  5 shadows (D:11)
  A vampire (D:11)
  6 wraiths
  7 yaks
  A steam dragon (D:9)
  The ghost of hawla the Shield-Bearer, an amateur MiFi (D:4)
  Grum (D:11)
  2 acid dragons
  2 water moccasins (Lair:1)
  12 orc warriors
  3 sky beasts (D:6)
  A black bear (D:6)
  An ice beast (D:6)
  7 ogres
  3 centaurs
  3 wolves (D:11)
  A kobold brigand (D:6)
  A phantom (D:7)
  A lemure (D:8)
  7 bullfrogs
  2 gnoll sergeants (D:6)
  2 scorpions
  4 wights (D:8)
  10 killer bees (D:9)
  A bombardier beetle (D:5)
  5 hounds
  A jelly (D:5)
  6 orc priests
  A sleepcap (D:6)
  Ijyb (D:4)
  A boggart zombie (D:11)
  2 iguanas
  4 orc wizards
  Natasha (thrice) (D:2)
  A gnoll bouda (D:4)
  3 killer bee zombies (D:7)
  An ogre zombie (D:7)
  A hound zombie (D:4)
  A mummy (D:7)
  Robin (D:3)
  11 adders
  6 gnolls
  A shadow imp (D:5)
  An ufetubus (D:6)
  A dart slug (D:3)
  21 orcs
  6 bats
  7 endoplasms
  6 giant cockroaches
  25 goblins
  8 hobgoblins
  5 jackals
  7 quokkas
  6 ball pythons
  4 frilled lizards
  20 kobolds
  A quokka zombie (D:4)
  7 rats
  A ballistomycete spore (D:6)
303 creatures vanquished.

Vanquished Creatures (collateral kills)
  Urug (D:11)
  3 centaur zombies (D:11)
  An electric eel (D:11)
5 creatures vanquished.

Vanquished Creatures (others)
  A shadow (D:6)
  An ogre (D:6)
  A scorpion (D:6)
  A ballistomycete (D:6)
4 creatures vanquished.

Grand Total: 312 creatures vanquished

Notes
Turn   | Place    | Note
-------+----------+-------------------------------------------
     0 | D:1      | MysteronAgent1981 the Draconian Alchemist began the quest
                  | for the Orb.
     0 | D:1      | Reached XP level 1. HP: 14/14 MP: 3/3
   407 | D:1      | Reached XP level 2. HP: 20/20 MP: 3/5
   510 | D:1      | Learned a level 2 spell: Mercury Vapours
   952 | D:1      | Reached XP level 3. HP: 26/26 MP: 3/6
   956 | D:1      | Learned a level 3 spell: Mephitic Cloud
  1431 | D:2      | Found a faded altar of an unknown god.
  1438 | D:2      | Prayed at the altar of an unknown god.
  1438 | D:2      | Became a worshipper of the Shining One
  1438 | D:2      | Reached * piety under the Shining One
  1521 | D:2      | Noticed Natasha
  1536 | D:2      | Killed Natasha
  1545 | D:2      | Reached XP level 4. HP: 25/34 MP: 4/7
  1551 | D:2      | Noticed Natasha
  1562 | D:2      | Killed Natasha
  1573 | D:2      | Noticed Natasha
  1580 | D:2      | Killed Natasha
  1677 | D:2      | Found a burning altar of Makhleb.
  2207 | D:3      | Reached skill level 1 in Fighting
  2239 | D:3      | Found Jionotra's Distillery.
  2242 | D:3      | Bought a potion of curing for 36 gold pieces
  2276 | D:3      | Reached XP level 5. HP: 36/40 MP: 5/9
  2432 | D:3      | Noticed Robin
  2549 | D:3      | Found a glowing silver altar of Zin.
  2595 | D:3      | Found an opulent altar of Gozag.
  2687 | D:3      | Killed Robin
  2688 | D:3      | Reached skill level 1 in Maces & Flails
  2821 | D:3      | Learned a level 4 spell: Olgreb's Toxic Radiance
  2987 | D:4      | Found a staircase to the Ecumenical Temple.
  2990 | D:4      | Noticed a hornet
  2995 | D:4      | Reached skill level 1 in Air Magic
  2995 | D:4      | Reached skill level 4 in Alchemy
  3102 | D:4      | Killed a hornet
  3103 | D:4      | Reached skill level 1 in Invocations
  3103 | D:4      | Reached skill level 1 in Evocations
  3103 | D:4      | Reached XP level 6. HP: 48/48 MP: 1/10
  3224 | D:4      | Found an ornate altar of the Wu Jian Council.
  3321 | D:4      | Found a runed translucent gate.
  3321 | D:4      | Found a runed translucent gate.
  3321 | D:4      | Found a runed translucent gate.
  3321 | D:4      | Noticed hawla's ghost (amateur MiFi)
  3323 | D:4      | Found a basalt altar of Yredelemnul.
  3326 | D:4      | Reached ** piety under the Shining One
  3353 | D:4      | Noticed Ijyb
  3412 | D:4      | Killed Ijyb
  3413 | D:4      | Your scales start taking on a golden yellow colour.
  3413 | D:4      | Reached XP level 7. HP: 53/53 MP: 11/11
  3413 | D:4      | Gained mutation: You are resistant to acid. (rCorr) [Yellow
                  | Draconian growth]
  3949 | D:4      | Killed hawla's ghost
  3987 | D:5      | Entered Level 5 of the Dungeon
  4048 | D:5      | Found a stormy altar of Qazlal.
  4049 | D:5      | Noticed a water elemental
  4052 | D:5      | Noticed an air elemental
  4052 | D:5      | Noticed a fire elemental
  4492 | D:5      | Reached XP level 8. HP: 62/62 MP: 7/13
  4512 | D:5      | Found a radiant altar of Vehumet.
  5117 | D:6      | Found a glowing golden altar of the Shining One.
  5172 | D:6      | Noticed Sigmund
  5191 | D:6      | Killed Sigmund
  5307 | D:6      | Reached skill level 5 in Alchemy
  5346 | D:6      | Learned a level 3 spell: Inner Flame
  5383 | D:6      | Found a shimmering altar of Xom.
  5450 | D:6      | Reached XP level 9. HP: 64/70 MP: 15/15
  5914 | D:7      | Identified a scroll of acquirement
  5914 | D:7      | Acquired the +2 hat of the Bear Spirit {Spirit, Bear, *Rage
                  | Will++}
  5914 | D:7      | Found the +2 hat of the Bear Spirit {Spirit, Bear, *Rage
                  | Will++}
  5961 | D:7      | Found a shadowy altar of Dithmenos.
  5973 | D:7      | Reached *** piety under the Shining One
  5991 | D:7      | Found Toylymyph's Antique Weapon Shoppe.
  5994 | D:7      | Bought a brightly glowing spear for 184 gold pieces
  5994 | D:7      | Identified the +10 spear of the Eleven Moons {speed, Str+2
                  | Int-4 Dex+3} (You bought it in a shop on level 7 of the
                  | Dungeon)
  6261 | D:7      | Found a snail-covered altar of Cheibriados.
  6375 | D:7      | Noticed Maggie
  6386 | D:7      | Found a flagged portal.
  6396 | Bailey   | Entered a bailey
  6520 | Bailey   | Reached skill level 5 in Maces & Flails
  6520 | Bailey   | Reached skill level 5 in Spellcasting
  6536 | Bailey   | Reached skill level 1 in Polearms
  6866 | D:7      | Killed Maggie
  6867 | D:7      | Reached skill level 1 in Hexes
  6867 | D:7      | Reached skill level 1 in Fire Magic
  6916 | D:7      | Identified the serpent talisman of the Two of Pentacles
                  | {rF+ Dex+4}
  7183 | D:8      | Found an iron altar of Okawaru.
  7183 | D:8      | Noticed a manticore
  7195 | D:8      | Killed a manticore
  7196 | D:8      | Reached XP level 10. HP: 58/79 MP: 7/17
  7370 | D:8      | Learned a level 3 spell: Call Canine Familiar
  7512 | D:8      | Noticed Maurice
  7524 | D:8      | Maurice stole 3 silver javelins
  7532 | D:8      | Maurice stole the serpent talisman of the Two of Pentacles
                  | {rF+ Dex+4}
  7539 | D:8      | Killed Maurice
  7539 | D:8      | Noticed Pikel
  7546 | D:8      | Killed Pikel
  7746 | D:8      | Reached skill level 6 in Alchemy
  7746 | D:8      | Reached skill level 1 in Shapeshifting
  8279 | D:9      | Gained mutation: You are somewhat resistant to further
                  | mutation. [potion of mutation]
  8279 | D:9      | Gained mutation: Your tail ends in a venomous barb. [potion
                  | of mutation]
  8280 | D:9      | Found a transporter.
  8281 | D:9      | Found a transporter.
  8281 | D:9      | Noticed a four-headed hydra
  8281 | D:9      | Noticed Fractals's ghost (novice KoBr)
  8284 | D:9      | Noticed a cyclops
  8376 | D:9      | Found a burning altar of Makhleb.
  8805 | D:9      | Killed a four-headed hydra
  8805 | D:9      | The Shining One protects you from harm!
  8805 | D:9      | Killed Fractals's ghost
  8806 | D:9      | Reached skill level 5 in Dodging
  8806 | D:9      | Reached skill level 5 in Stealth
  8806 | D:9      | Reached XP level 11. HP: 28/85 MP: 0/19
  8862 | D:10     | Entered Level 10 of the Dungeon
  8936 | D:10     | Reached **** piety under the Shining One
  9161 | D:10     | Learned a level 4 spell: Vhi's Electric Charge
  9256 | D:10     | Reached skill level 5 in Fighting
  9740 | D:10     | Noticed a two-headed ogre
  9744 | D:10     | Killed a two-headed ogre
  9968 | D:11     | Reached skill level 5 in Invocations
 10018 | D:11     | Found Zokingut's Armour Shoppe.
 10036 | D:11     | Reached skill level 1 in Translocations
 10052 | D:11     | Reached skill level 1 in Summonings
 10062 | D:11     | Found a staircase to the Orcish Mines.
 10064 | D:11     | Found Weih's Weapon Shoppe.
 10181 | D:11     | Noticed Lodul
 10188 | D:11     | Noticed an oklob plant
 10236 | D:11     | Reached skill level 5 in Conjurations
 10290 | D:11     | Learned a level 2 spell: Blink
 10386 | D:11     | Noticed a two-headed ogre
 10390 | D:11     | Killed a two-headed ogre
 10391 | D:11     | Reached skill level 5 in Air Magic
 10481 | D:11     | Reached XP level 12. HP: 94/94 MP: 21/21
 10510 | D:11     | Killed Lodul
 10511 | D:11     | Reached skill level 5 in Polearms
 10538 | D:11     | Reached ***** piety under the Shining One
 10568 | D:11     | Found a portal to a secret trove of treasure.
 10598 | D:11     | Noticed Nergalle
 10610 | D:11     | Killed Nergalle
 10617 | D:11     | Reached skill level 7 in Alchemy
 10640 | D:11     | Reached skill level 5 in Evocations
 10692 | D:11     | Reached skill level 1 in Throwing
 10787 | D:11     | Noticed Harold
 10788 | D:11     | Noticed Grum
 10794 | D:11     | Noticed Urug
 10803 | D:11     | Killed Grum
 10815 | D:11     | Killed Harold
 10827 | D:11     | Killed Urug
 11143 | D:11     | Found a staircase to the Lair.
 11411 | Lair:1   | Entered Level 1 of the Lair of Beasts
 11535 | Lair:1   | Slain by a yak

Illustrated notes

Levels and vault maps discovered:
D:1:      mainiacjoe_arrival_oval_in_oval, layout_basic, serial_glass,
          glass_columns_b, glass_columns_b
D:2:      layout_loops_ring, dilly_ecumenical_altar_fadedgnrine, basic_altar,
          minmay_pentomino_u2, uniq_natasha
D:3:      layout_basic, zin_scriptorium,
          nicolae_gozag_cash_rules_everything_around_me, serial_shops,
          nicolae_shop_behind_doors, uniq_robin
D:4:      layout_cave_pools, nicolae_wu_jian_wuxing_cycle,
          nicolae_yredelemnul_ghost_church, minmay_temple_entry_proselytizer,
          uniq_ijyb
D:5:      layout_loops_corners, vehumet_statue, nicolae_qazlal_style_of_elements
D:6:      layout_rooms, general_overflow_altar, xom_confusion_cloud,
          uniq_sigmund
D:7:      layout_basic, grunt_dithmenos_smoke, kennysheep_little_box,
          enter_bailey_4, serial_shops, nicolae_shop_tiny_real_fake_doors,
          minmay_mini_ossuary, uniq_maggie
D:8:      layout_loops_ring, okawaru_ov_weapons_minmay, uniq_maurice, uniq_pikel
D:9:      layout_cave_pools, kennysheep_mini_moat, gammafunk_ghost_arena
D:10:     layout_stronghold
D:11:     layout_stronghold, dpeg_oklobed_lair, orc_david_3,
          nicolae_trove_entry_crossroad, serial_undead, serial_undead_a,
          serial_undead_f, serial_undead_e, serial_undead_d, serial_undead_d,
          serial_undead_b, serial_undead_d, serial_undead_e, serial_undead_e,
          serial_undead_a, serial_bayou_lagoon_a, uniq_harold, uniq_nergalle,
          uniq_lodul, uniq_urug, uniq_grum
Lair:1:   layout_hall_layers, serial_bayou_shore_b, grunt_megastairs_1,
          infiniplex_staircase_pool_2

Skill      XL: |  1  2  3  4  5  6  7  8  9 10 11 12 |
---------------+-------------------------------------+-----
Dodging        | 2 3 4 5 6 |  6.3
Stealth        | 2 3 4 5 6 |  6.0
Fighting       | 1 2 3 4 5 6 |  6.4
Maces & Flails | 2 3 4 5 6 |  6.4
Spellcasting   | 3 4 5 6 |  6.5
Air Magic      | 1 2 3 4 5 |  5.4
Alchemy        | 4 5 6 7 |  7.2
Conjurations   | 2 3 4 5 |  5.6
Invocations    | 1 2 3 4 5 |  5.8
Evocations     | 1 2 3 4 5 |  5.2
Polearms       | 1 3 4 6 |  6.7
Hexes          | 1 2 3 |  3.7
Fire Magic     | 1 2 3 4 |  4.2
Shapeshifting  | 1 2 3 |  3.4
Translocations | 1 2 |  2.6
Summonings     | 1 2 |  2.5
Throwing       | 1 |  1.5
Short Blades   | |  0.8

Action                     |  1- 3 |  4- 6 |  7- 9 | 10-12 || total
---------------------------+-------+-------+-------+-------++-------
  Melee: Dagger            |    53 |       |       |       ||    53
         Mace              |     7 |    74 |    73 |       ||   154
         Tailslap          |     4 |    10 |    18 |    81 ||   113
         Punch             |       |     1 |       |     6 ||     7
         Spear             |       |       |    44 |   341 ||   385
  Throw: Javelin           |       |       |       |     4 ||     4
   Cast: Sting             |    34 |     7 |       |       ||    41
         Mercury Vapours   |     8 |    11 |     1 |     3 ||    23
         Mephitic Cloud    |     1 |    10 |    15 |    13 ||    39
         Olgreb's Toxic Ra |       |     2 |    13 |    12 ||    27
         Call Canine Famil |       |       |       |     1 ||     1
 Invoke: Cleansing Flame   |       |       |       |     1 ||     1
         Summon Divine War |       |       |       |     1 ||     1
Ability: Breathe Acid      |       |       |    25 |    26 ||    51
         Begin Untransform |       |       |       |     1 ||     1
  Evoke: Wand              |       |     4 |     4 |    19 ||    27
    Use: Scroll            |     2 |     4 |     9 |     9 ||    24
         Potion            |       |       |     2 |     8 ||    10
   Stab: Sleeping          |     4 |       |       |       ||     4
 Armour: Skin              |    45 |   100 |   119 |   371 ||   635
  Dodge: Dodged            |    58 |   124 |   143 |   293 ||   618
   Form: Serpent           |       |       |       |     1 ||     1
